 Dungeon Crawl Stone Soup version 0.31-a0-233-g139696dc86 (webtiles) character file.

Game seed: 17079640003360530205

276 qw the Shooter (level 6, -3/36 HPs)
             Began as a Gargoyle Hexslinger on July 7, 2023.
             Slain by a black bear (10 damage)
             ... on level 4 of the Dungeon.
             The game lasted 00:01:21 (3163 turns).

qw the Shooter (Gargoyle Hexslinger)                Turns: 3163, Time: 00:01:22

Health: -3/36      AC:  9    Str: 12    XL:     6   Next: 25%
Magic:  7/7        EV: 10    Int: 13    God:
Gold:   125        SH:  0    Dex: 14    Spells: 6/7 levels left

rFire   . . .        Y - +1 sling
rCold   . . .        (no shield)
rNeg    + . .        i - +0 ring mail
rPois   inf          (no helmet)
rElec   +            (no cloak)
rCorr   .            (no gloves)
SInv    +            (no boots)
Will    .....        (no amulet)
Stlth   +            j - ring of see invisible
HPRegen 0.26/turn    (no ring)
MPRegen 0.10/turn

%: no passive effects
@: about to teleport
A: sickness immunity, AC +4, negative energy resistance 1, electricity
resistance, torment resistance 1, petrification resistance
a: no special abilities


You were on level 4 of the Dungeon.
You visited 1 branch of the dungeon, and saw 4 of its levels.

You collected 125 gold pieces.


Innate Abilities, Weirdness & Mutations

You are immune to sickness and miasma.
Your stone body is resilient. (AC +4)
You are immune to poison.
You resist negative energy. (rN+)
You are resistant to electric shocks. (rElec)
You are resistant to unholy torment.
You are immune to petrification.


   Skills:
 + Level 2.3 Fighting
 - Level 5.9 Ranged Weapons
 - Level 1.1 Armour
 - Level 1.5 Dodging
 - Level 1.0 Spellcasting
 - Level 2.6 Hexes


You had 6 spell levels left.
You knew the following spells:

 Your Spells              Type           Power      Damage    Failure   Level
a - Slow                  Hex            28%        N/A       22%         1

Your spell library contained the following spells:

 Spells                   Type           Power      Damage    Failure   Level
 Inner Flame              Hex/Fire       4%         N/A       73%         3
 Portal Projectile        Hex/Tloc       8%         N/A       73%         3
 Cause Fear               Hex            3%         N/A       91%         4

Inventory:

Hand Weapons
 Y - a +1 sling (weapon)
Armour
 i - a +0 ring mail (worn)
Jewellery
 j - a ring of see invisible (left hand)
Scrolls
 g - 2 scrolls of identify
Potions
 b - a potion of heal wounds
 c - a potion of curing
 e - a potion of haste
 h - a potion of degeneration {unknown}

Dungeon Overview and Level Annotations

Branches:
Dungeon (4/15)
 Temple: D:4-7

Altars:
Makhleb

Shops:
D:2 (

Annotations:
D:3 2 runed translucent doors, exclusion: orc, qw's ghost, amateur MiHs


Message History

The black bear closely misses you.
You shoot a sling bullet.
The sling bullet hits the black bear but does no damage.
The black bear is heavily wounded.
The black bear closely misses you.
The black bear claws you but does no damage. x2
The black bear bites you but does no damage.
The black bear claws you. The black bear completely misses you.
You shoot a sling bullet. The sling bullet hits the black bear.
The black bear is severely wounded.
The black bear bites you but does no damage.
The black bear barely misses you. x2
You shoot a sling bullet.
The sling bullet barely misses the black bear.
The black bear closely misses you. The black bear claws you.
The black bear misses you.
You shoot a sling bullet. The sling bullet hits the black bear.
The black bear is severely wounded.
The black bear closely misses you.
The black bear claws you but does no damage. x2
You shoot a sling bullet. The sling bullet hits the black bear!
The black bear is almost dead.
The black bear goes berserk!
A sleepcap comes into view.
The black bear bites you!
The black bear claws you but does no damage. x2
You shoot a sling bullet.
The sling bullet closely misses the black bear.
The black bear closely misses you. The black bear barely misses you.
The black bear claws you but does no damage.
The black bear closely misses you. The black bear claws you.
The black bear closely misses you.
You shoot a sling bullet. The sling bullet hits the black bear.
The black bear is almost dead.
The black bear bites you! The black bear barely misses you. x2
3163 ||| READING scroll of teleportation.
As you read the scroll of teleportation, it crumbles to dust.
You feel strangely unstable. The black bear bites you!
You die...

........>........
................###
............###.#.
..............##.
.............#..#
###.........##(##
#####.....##f.#
#...##.h# #...##@##
#....#..#
#.#...##.. #.##..
### #. ... ....
#####


You could see a black bear (berserk) and a sleepcap.

Vanquished Creatures
  Sigmund (D:3)
  A gnoll (D:2)
  5 adders
  An ufetubus (D:4)
  A worm (D:2)
  A dart slug (D:2)
  2 orcs
  3 bats
  3 endoplasms
  A giant cockroach (D:3)
  5 goblins
  3 hobgoblins (D:1)
  7 jackals
  2 quokkas (D:1)
  7 ball pythons
  3 frilled lizards
  8 kobolds
  5 rats
59 creatures vanquished.

Notes
Turn   | Place    | Note
-------+----------+-------------------------------------------
     0 | D:1      | qw the Gargoyle Hexslinger began the quest for the Orb.
     0 | D:1      | Reached XP level 1. HP: 12/12 MP: 2/2
     0 | D:1      | 0 ||| qw: Version: 0.3-a-46-gb1f654a
     0 | D:1      | 0 ||| qw: Game counter: 3246
     0 | D:1      | 0 ||| qw: Melee chars always use a shield: true
     0 | D:1      | 0 ||| qw: God list: Okawaru
     0 | D:1      | 0 ||| qw: Allow faded altars: false
     0 | D:1      | 0 ||| qw: Do Orc after clearing Dungeon:15 true
     0 | D:1      | 0 ||| qw: Do second Lair branch before Depths: true
     0 | D:1      | 0 ||| qw: Lair rune preference: random
     0 | D:1      | 0 ||| qw: Goals: Normal
     0 | D:1      | 0 ||| PLANNING D:1-11
   111 | D:1      | Found a faded altar of an unknown god.
   295 | D:1      | Reached XP level 2. HP: 16/16 MP: 3/3
   321 | D:1      | Reached skill level 3 in Ranged Weapons
   734 | D:1      | 734 ||| UPGRADING to +0 leather armour.
   744 | D:1      | 744 ||| DROPPING +0 robe.
   745 | D:1      | 745 ||| UPGRADING to +0 ring mail.
   755 | D:1      | 755 ||| DROPPING +0 leather armour.
   756 | D:1      | 756 ||| UPGRADING to ring of see invisible.
   757 | D:1      | 757 ||| READING scroll labelled TODONIF WAPSI.
   858 | D:1      | 858 ||| READING 2 scrolls labelled WYAJEP TUOKK.
   859 | D:1      | 859 ||| DRINKING 2 fuming purple potions.
   860 | D:1      | 860 ||| DROPPING scroll of poison.
   885 | D:2      | Reached XP level 3. HP: 21/21 MP: 4/4
  1185 | D:2      | HP: 3/21 [gnoll/+0 spear (4)]
  1192 | D:2      | Reached XP level 4. HP: 4/26 MP: 5/5
  1316 | D:2      | Reached skill level 4 in Ranged Weapons
  1442 | D:2      | Found Puucy's Weapon Shoppe.
  1544 | D:2      | Identified the +3 dagger of Wias {antimagic, rN+ Int+3}
  1851 | D:2      | 1851 ||| DROPPING amulet of magic regeneration.
  1852 | D:2      | 1852 ||| READING 2 scrolls labelled ZIESTO UNI.
  1853 | D:2      | 1853 ||| DRINKING 2 inky potions.
  1854 | D:2      | 1854 ||| READING 3 scrolls of identify.
  1854 | D:2      | 1854 ||| IDENTIFYING metallic red potion
  1855 | D:2      | 1855 ||| READING 2 scrolls of identify.
  1855 | D:2      | 1855 ||| IDENTIFYING lumpy coppery potion
  1856 | D:2      | 1856 ||| DROPPING potion of brilliance.
  1857 | D:2      | 1857 ||| DROPPING scroll of revelation.
  1858 | D:2      | 1858 ||| DROPPING potion of lignification.
  1859 | D:2      | 1859 ||| DROPPING potion of invisibility.
  1876 | D:3      | Found a large runed translucent door.
  1876 | D:3      | Found a large runed translucent door.
  1877 | D:3      | Noticed qw's ghost (amateur MiHs)
  1948 | D:3      | Found a burning altar of Makhleb.
  1965 | D:3      | Reached skill level 1 in Armour
  2211 | D:3      | Noticed Sigmund
  2225 | D:3      | Killed Sigmund
  2226 | D:3      | Reached skill level 5 in Ranged Weapons
  2226 | D:3      | Reached XP level 5. HP: 14/30 MP: 6/6
  2226 | D:3      | Reached XP level 6. HP: 16/35 MP: 7/7
  2226 | D:3      | 2226 ||| READING scroll labelled GUSMYV PEODIUH.
  2231 | D:3      | 2231 ||| FLEEEEING.
  2232 | D:3      | 2232 ||| FLEEEEING.
  2835 | D:3      | 2835 ||| READING scroll labelled MAHANTU NIDIGO.
  2836 | D:3      | 2836 ||| READING scroll labelled FELYLA MUORR.
  2837 | D:3      | 2837 ||| READING scroll labelled BATUEST MONARR.
  2841 | D:3      | 2841 ||| READING 4 scrolls of identify.
  2841 | D:3      | 2841 ||| IDENTIFYING cyan potion
  2842 | D:3      | 2842 ||| READING 3 scrolls of identify.
  2842 | D:3      | 2842 ||| IDENTIFYING glowing green potion
  2843 | D:3      | 2843 ||| READING 2 scrolls of identify.
  2843 | D:3      | 2843 ||| IDENTIFYING glowing amethyst potion
  2844 | D:3      | 2844 ||| DROPPING potion of berserk rage.
  3149 | D:4      | Noticed a black bear
  3162 | D:4      | HP: 7/36 [black bear (11)]
  3163 | D:4      | 3163 ||| READING scroll of teleportation.
  3163 | D:4      | Slain by a black bear

Levels and vault maps discovered:
D:1:      ebering_trefoil_twist, layout_loops_ring,
          hellmonk_ecumenical_altar_run_dry, corexii_corridor_pit
D:2:      layout_loops_corners, serial_shops, nicolae_shop_bloodbath_and_beyond,
          cheibrodos_gnoll_hut
D:3:      layout_basic, bloody_makhleb, ebering_ghost_disaster_area,
          uniq_sigmund
D:4:      layout_basic, kennysheep_little_box, mainiacjoe_overflow_24_doors,
          minmay_pentomino_pile

Skill      XL: |  1  2  3  4 |
---------------+-------------+-----
Ranged Weapons | 3 5 |  5.9
Fighting       | 2 |  2.3
Armour         | 1 |  1.1
Dodging        | |  1.5
Spellcasting   | |  1.0
Hexes          | |  2.6

Action                     |  1- 3 |  4- 6 || total
---------------------------+-------+-------++-------
   Fire: Sling             |   110 |   119 ||   229
    Use: Scroll            |     2 |    11 ||    13
         Potion            |     1 |     1 ||     2
 Armour: Robe              |     4 |       ||     4
         Ring mail         |    33 |    66 ||    99
  Dodge: Dodged            |    43 |    86 ||   129

Table legend:
 A = Non-vault XP
 B = Vault XP
 C = Vault XP percentage of total XP
 D = Non-vault monster count
 E = Vault monster count
 F = Vault count percentage of total count
                 A         B        C        D         E       F
            +---------+---------+-------+---------+---------+-------
      Total |     160 |     235 |  59.5 |      54 |       5 |   8.5
            +---------+---------+-------+---------+---------+-------
        D:1 |      33 |       0 |   0.0 |      22 |       0 |   0.0
        D:2 |      53 |      19 |  26.4 |      15 |       3 |  16.7
        D:3 |      54 |     214 |  79.9 |      10 |       1 |   9.1
        D:4 |      20 |       2 |   9.1 |       7 |       1 |  12.5
            +---------+---------+-------+---------+---------+-------
